Map: Disco Bloodbath LE

Players

Djorn - Winner!

  • Race: Protoss Protoss
  • League: Bronze
  • Spawn Location: 9:00

MrThrash

  • Race: Protoss Protoss
  • Spawn Location: 3:00

VOD

Have the link to the VOD?

Description

Time

  • Played on: Aug. 25, 2019, 5:30 p.m.
  • Length: 5:59
Show
View Real Time Build Order
Export as new Build Order

Djorn Protoss - Winner!

Build Orders:  

Get SALT Encoding   

  12  0:01  Probe  
  13  0:13  Probe  
  14  0:20  Pylon  
  14  0:26  Probe  
  15  0:38  Probe  
  16  0:43  Gateway  
  16  0:50  Probe  
  16  0:54  Assimilator  
  17  1:03  Probe  
  18  1:14  Gateway  
  18  1:18  Probe  
  19  1:30  Probe  
  20  1:33  Cybernetics Core  
  20  1:43  Probe  
  21  1:52  Assimilator  
  21  1:59  Zealot  
  23  2:23  Pylon  
  22  2:41  Zealot  
  21  2:44  Stalker  
  21  2:57  Warp Gate  
  23  3:04  Gateway  
  23  3:09  Gateway  
  23  3:13  Stalker  
  23  3:18  Stalker  
  27  3:40  Pylon  
  27  4:04  Pylon  
  27  4:08  Pylon  
  27  4:17  Zealot  
  27  4:18  Adept  
  31  4:44  Adept  
  29  4:56  Stalker x2  
  33  5:03  Stalker  
  35  5:22  Zealot x2  
  39  5:33  Zealot x2  
Show
View Real Time Build Order
Export as new Build Order

MrThrash Protoss 

Build Orders:  

Get SALT Encoding   

  12  0:03  Probe  
  13  0:19  Pylon  
  13  0:24  Assimilator  
  13  0:42  Forge  
  13  0:58  Probe  
  14  1:09  Gateway  
  14  1:10  Probe  
  15  1:22  Probe  
  16  1:35  Probe  
  17  1:42  Pylon  
  17  1:47  Probe  
  18  1:51  Pylon  
  18  2:05  Photon Cannon  
  18  2:11  Photon Cannon  
  18  2:18  Pylon  
  18  2:31  Zealot  
  18  2:33  Cybernetics Core  
  19  2:54  Pylon  
  19  2:57  Pylon, Probe  
  20  2:58  Zealot  
  20  3:01  Pylon  
  22  3:09  Probe  
  23  3:16  Warp Gate  
  23  3:25  Zealot  
  25  3:32  Stargate  
  25  3:52  Stalker  
  25  3:53  Gateway  
  27  3:59  Pylon  
  27  4:09  Probe  
  28  4:22  Stalker  
  30  4:28  Nexus  
  30  4:37  Pylon  
  30  4:58  Photon Cannon  
  30  5:06  Void Ray  
  34  5:25  Assimilator  
Tags
 
League
Bronze
Matchup
PvP
Replay Pack
sc2replays
Spawn Locations
Cross Positions
Add a new tag
Caveats
  • Supply blocks, unpowered buildings, or Contaminate may cause inaccurate times.
  • Supply counts are checked every 10 seconds.